AoeStats
← M4lt3

African Clearing

506270833Analyzed
2v2 RM · 18d ago on Sep 13, 2026· 49m 5s· 4 players
Game mode
Random Map
Map size
Medium (4 player)
Population
200
Speed
Normal
Resources
Standard
Victory
Conquest
Starting age
Dark Age
Ending age
Imperial Age
RankedLock teamsTeams togetherTeam positionsShared explorationLock speedFull tech treeHidden civsTurbo modeCheats
Victory
Defeat
🇺🇸 Hindustanis · United States
1499
+23
🇦🇷 Mongols · Argentina
1426
+25
🇩🇪 Gurjaras · Germany
1677
-24
🇩🇪 Chinese · Germany
1644
-24
Mandrek
11:53 Feudal Age
12:27 Double-Bit Axe
12:50 Loom
14:31 Scale Barding Armor
15:42 Forging
16:22 Bloodlines
22:14 Castle Age
25:46 Light Cavalry
29:13 Horse Collar
31:38 Wheelbarrow
34:41 Bow Saw
40:07 Imperial Age
37:16 Elite Skirmisher
38:42 Fletching
38:53 Padded Archer Armor
39:45 Bodkin Arrow
41:23 Ballistics
41:18 Heavy Plow
41:55 Bracer
42:16 Hand Cart
42:52 Conscription
43:41 Chemistry
43:03 Leather Archer Armor
43:41 Thumb Ring
45:20 Two-Man Saw
45:58 Hussar
46:49 Heavy Camel Rider
47:51 Chain Barding Armor
48:20 Husbandry
49:40 Plate Barding Armor
too old for this new shit
11:15 Loom
13:12 Feudal Age
17:40 Castle Age
15:32 Double-Bit Axe
15:28 Horse Collar
16:53 Fletching
19:20 Bodkin Arrow
24:08 Padded Archer Armor
26:53 Town Watch
27:44 Wheelbarrow
28:17 Ballistics
30:01 Leather Archer Armor
31:08 Bloodlines
33:06 Husbandry
38:08 Heavy Plow
38:19 Bow Saw
40:02 Gold Mining
40:03 Stone Mining
43:17 Imperial Age
42:04 Stone Shaft Mining
41:46 Light Cavalry
42:43 Scale Barding Armor
42:49 Forging
43:28 Coinage
44:26 Chain Barding Armor
44:11 Bracer
43:51 Hussar
45:19 Conscription
45:27 Thumb Ring
47:27 Chain Barding Armor
48:07 Parthian Tactics
105er.G0ldenFir3
2:52 Loom
12:04 Feudal Age
12:22 Feudal Age
12:28 Feudal Age
13:27 Double-Bit Axe
14:04 Horse Collar
16:40 Castle Age
17:05 Fletching
17:30 Bow Saw
17:18 Gold Mining
18:18 Bodkin Arrow
20:28 Wheelbarrow
24:52 Padded Archer Armor
25:36 Padded Archer Armor
26:46 Husbandry
27:57 Bloodlines
29:43 Ballistics
32:21 Thumb Ring
34:17 Town Watch
39:42 Imperial Age
38:16 Town Patrol
38:23 Stone Mining
39:24 Leather Archer Armor
40:35 Hand Cart
40:36 Bracer
41:48 Chemistry
41:28 Hand Cart
43:12 Light Cavalry
44:50 Conscription
45:23 Scale Barding Armor
46:14 Heavy Cavalry Archer
48:40 Ring Archer Armor
M4lt3
8:47 Loom
8:52 Loom
11:45 Feudal Age
13:04 Double-Bit Axe
17:28 Forging
21:32 Castle Age
19:58 Scale Mail Armor
36:48 Horse Collar
43:35 Masonry
44:31 Light Cavalry
45:12 Husbandry
45:28 Bloodlines
45:18 Husbandry
45:24 Scale Barding Armor
46:57 Wheelbarrow
46:10 Town Watch
47:49 Bow Saw
49:03 Chain Barding Armor
Connection lost

Rejoining the realm…

Still unreachable

The connection could not be restored.

Session expired

The server has moved on; the page needs a fresh start.